 Dungeon Crawl Stone Soup version 0.26-a0-466-g989023bd0d (webtiles) character file.

Game seed: 13030480758225591694

3211 Apogee the Covert (level 10, -2/64 HPs)
             Began as a Kobold Delver on Aug 1, 2020.
             Was an Initiate of Dithmenos.
             Killed from afar by a deep elf knight (19 damage)
             ... with a lance of force
             ... created by the fury of Okawaru
             ... on level 10 of the Dungeon.
             The game lasted 00:21:33 (10370 turns).

Apogee the Covert (Kobold Delver)                  Turns: 10370, Time: 00:21:34

Health: -2/64      AC:  7    Str: 12    XL:     10   Next: 17%
Magic:  10/10      EV: 29    Int: 11    God:    Dithmenos [......]
Gold:   357        SH:  0    Dex: 18    Spells: 7/9 levels left

rFire    . . .     SeeInvis .   A - +0 rapier
rCold    . . .     Faith    .   (shield restricted)
rNeg     . . .     Spirit   .   K - +0 steam dragon scales
rPois    .         Reflect  .   C - +0 helmet
rElec    .         Harm     .   (no cloak)
rCorr    .                      (no gloves)
MR       .....                  s - +0 pair of boots
Stlth    ++++++....             (no amulet)
HPRegen  0.20/turn              F - +4 ring of evasion
MPRegen  0.12/turn              T - +4 ring of evasion

@: mighty, very slightly contaminated, studying Stealth
A: small, nightstalker 3
a: Renounce Religion


You were on level 10 of the Dungeon.
You worshipped Dithmenos.
Dithmenos was noncommittal.
You visited 2 branches of the dungeon, and saw 11 of its levels.

You collected 357 gold pieces.

Inventory:

Hand Weapons
 A - a +0 rapier (weapon)
   (You found it on level 4 of the Dungeon)
 B - a +0 hunting sling
   (You found it on level 4 of the Dungeon)
 R - a +0 shortbow
   (You took it off a centaur on level 9 of the Dungeon)
Missiles
 h - 208 stones (quivered)
 j - 2 throwing nets {!f}
 o - 10 curare-tipped darts {!f}
 y - a boomerang of dispersal {!f}
 z - 74 sling bullets
Armour
 l - a +0 buckler
   (You found it on level 8 of the Dungeon)
 s - a +0 pair of boots (worn)
   (You found it on level 1 of the Dungeon)
 C - a +0 helmet (worn)
   (You took it off Robin on level 4 of the Dungeon)
 K - +0 steam dragon scales (worn)
   (You took it off Maggie on level 7 of the Dungeon)
Jewellery
 F - a +4 ring of evasion (left hand)
   (You found it on level 4 of the Dungeon)
 T - a +4 ring of evasion (right hand)
   (You found it on level 9 of the Dungeon)
Wands
 t - a wand of flame (52)
   (You found it on level 8 of the Dungeon)
 u - a wand of paralysis (3)
   (You found it on level 7 of the Dungeon)
 v - a wand of digging (3)
Scrolls
 a - a scroll of enchant weapon {unknown}
 d - 3 scrolls of magic mapping
 e - a scroll of fear
 g - a scroll of blinking
 k - 2 scrolls of remove curse {@r2}
 q - 2 scrolls of teleportation {@r4}
 x - 2 scrolls of amnesia {unknown}
 D - 2 scrolls of random uselessness {unknown}
 J - 2 scrolls of enchant armour {unknown}
 N - 2 scrolls of noise {unknown}
 P - 3 scrolls of identify {@r1}
 Q - a scroll of brand weapon {unknown}
Potions
 f - a potion of haste {@q3}
 i - a potion of stabbing {unknown}
 m - a potion of invisibility {unknown}
 n - 3 potions of curing {@q1}
 p - 2 potions of berserk rage
 r - 4 potions of heal wounds {@q2}
 w - 4 potions of lignification {unknown}
 E - a potion of brilliance {unknown}
 I - a potion of might
 O - 2 potions of cancellation
 S - a potion of flight {unknown}
Books
 c - a manual of Stealth {!d}
   (You acquired it on level 8 of the Dungeon)


   Skills:
 + Level 8.2 Fighting
 + Level 9.3 Short Blades
 + Level 8.6 Dodging
 - Level 10.0 Stealth
 + Level 2.8 Shields
 - Level 2.0 Evocations


You had 7 spell levels left.
You knew the following spells:

 Your Spells              Type           Power        Failure   Level
s - Slow                  Hex            #.......     47%         2

Your spell library contained the following spells:

 Spells                   Type           Power        Failure   Level
 Corona                   Hex            #......      34%         1
 Inner Flame              Hex/Fire       #.......     71%         3
 Portal Projectile        Hex/Tloc       #.....       71%         3
 Cause Fear               Hex            #.........   98%         4
 Leda's Liquefaction      Hex/Erth       #.........   98%         4


Dungeon Overview and Level Annotations

Branches:
Dungeon (10/15)            Temple (1/1) D:7
   Lair: D:8-11         Orc: D:9-12

Altars:
Ashenzari
Cheibriados
Dithmenos
Elyvilon
Fedhas
Gozag
Hepliaklqana
Kikubaaqudgha
Makhleb
Nemelex Xobeh
Okawaru
Qazlal
Sif Muna
Trog
Uskayaw
Vehumet
Wu Jian
Xom
Yredelemnul
Zin
The Shining One

Shops:
D:5 ?   D:7 (

Annotations:
D:5 Blork the orc, Prince Ribbit


Innate Abilities, Weirdness & Mutations

You are small and have problems with some larger weapons.
You are completely attuned to the shadows.


Message History

The yak completely misses you. x3
You closely miss the yak. The yak gores you. The yak barely misses you. x2
The yak closely misses you.
You closely miss the yak. The yak barely misses you.
The yak closely misses you.
You hit the yak but do no damage. The yak gores you! The yak barely misses you.
The yak completely misses you. The yak closely misses you. The yak gores you!
* * * LOW HITPOINT WARNING * * *
The yak completely misses you. The yak barely misses you.
The yak misses you. x2
You open the door. The yak completely misses you. x3
Found 17 gold pieces.
The yak misses you. x2; The yak closely misses you.
The yak completely misses you.
Aim: a yak (heavily wounded, chance to defeat MR: 51%)
The yak resists with significant effort.
Aim: a yak (heavily wounded, chance to defeat MR: 51%)
The yak is charmed.
The now-empty wand crumbles to dust.
That's the wrong kind of item! (Use * to select it.)
Okay, then.
What are your orders? t - Shout!
Orders for allies: a - Attack new target. p - Attack previous target. r - Retreat! s - Stop attacking. g - Guard the area. f - Follow me.
Anything else - Cancel.
Aim: a yak (lightly wounded) Attack!
The yak gores your yak!
The yak gores your yak but does no damage.
Your yak gores the yak but does no damage.
The yak closely misses your yak.
The yak gores your yak but does no damage.
You feel very mighty all of a sudden.
Your yak gores the yak!
The yak gores your yak!
Your yak dies!
Okay, then.
You barely miss the yak. You hit the yak. The yak gores you!
* * * LOW HITPOINT WARNING * * *
You hit the yak. The yak completely misses you.
You puncture the yak! The yak barely misses you.
Okay, then.
You are very lightly contaminated with residual magic.
As you read the scroll of blinking, it crumbles to dust.
Found a great mace.
The deep elf knight shouts!
The deep elf knight casts a spell at you.
The lance of force hits you!!
You die...

#.............#
#.............#
#.............#
.............#
...YY#####'###
..YYY#......#
.....#......#
.....#......#.......
)...@#......#.......
.....######+##......#
..e... #......#
....... +.)....#
........ #.[....#
#......# #......#
+.....(# #......#


You could see a deep elf knight and 5 yaks.

Vanquished Creatures
  Maggie (D:7)
  2 tengu conjurers (D:10)
  Sigmund (D:4)
  2 orc warriors
  A water moccasin (D:6)
  A sky beast (D:6)
  2 ogres
  A centaur (D:9)
  A big kobold (D:8)
  2 bullfrogs (D:7)
  A wyvern zombie (D:6)
  A water moccasin skeleton (D:6)
  2 scorpions (D:4)
  2 killer bees (D:8)
  5 wights (D:8)
  A bullfrog zombie (D:6)
  A centaur zombie (D:7)
  A quasit (D:5)
  5 hounds
  A jelly (D:8)
  2 orc wizards
  An iguana (D:8)
  A worker ant (D:7)
  2 hound zombies
  Robin (D:4)
  8 gnolls
  8 adders
  A shadow imp (D:8)
  2 white imps
  An ufetubus (D:7)
  2 oozes
  An adder skeleton (D:5)
  An adder zombie (D:6)
  2 worms (D:2)
  3 dart slugs
  3 leopard geckos
  17 orcs
  4 bats
  5 giant cockroaches
  7 goblins
  11 hobgoblins
  13 jackals
  13 kobolds
  3 quokkas (D:8)
  A ball python (D:2)
  3 frilled lizards
  A jackal zombie (D:5)
  A quokka skeleton (D:6)
  10 rats
162 creatures vanquished.

Vanquished Creatures (collateral kills)
  3 killer bees (D:8)
  2 orc wizards (D:10)
  An orc priest (D:8)
  3 orcs
9 creatures vanquished.

Vanquished Creatures (others)
  A yak (D:10)
  An orc warrior (D:10)
  A killer bee (D:8)
  An adder (D:8)
4 creatures vanquished.

Grand Total: 175 creatures vanquished

Notes
Turn   | Place    | Note
-------+----------+-------------------------------------------
     0 | D:5      | Apogee the Kobold Delver began the quest for the Orb.
     0 | D:5      | Reached XP level 1. HP: 14/14 MP: 1/1
    13 | D:5      | Noticed an ogre
    39 | D:6      | Noticed a water moccasin
   288 | D:6      | Found an iron altar of Okawaru.
   296 | D:6      | Became a worshipper of Warmaster Okawaru
   330 | D:5      | Noticed a worker ant
   372 | D:5      | Noticed Blork the orc
   372 | D:5      | Noticed a howler monkey
   614 | D:5      | Found Utsivov's Magic Scroll Boutique.
   621 | D:4      | Noticed Sigmund
   626 | D:4      | Killed Sigmund
   626 | D:4      | Reached * piety under Okawaru
   626 | D:4      | Reached ** piety under Okawaru
   626 | D:4      | Reached XP level 2. HP: 15/20 MP: 2/2
   626 | D:4      | Reached XP level 3. HP: 18/24 MP: 3/3
   626 | D:4      | Reached XP level 4. HP: 23/30 MP: 4/4
   626 | D:4      | Reached XP level 5. HP: 26/34 MP: 5/5
   702 | D:4      | Reached XP level 6. HP: 37/39 MP: 6/6
   942 | D:2      | Reached skill level 5 in Short Blades
   949 | D:2      | Reached *** piety under Okawaru
  1401 | D:1      | Reached skill level 5 in Fighting
  2336 | D:2      | Found a hazy altar of Hepliaklqana.
  2686 | D:3      | Found a radiant altar of Vehumet.
  2733 | D:3      | Reached skill level 7 in Stealth
  2752 | D:3      | Reached skill level 5 in Dodging
  2898 | D:3      | Reached XP level 7. HP: 30/44 MP: 7/7
  3501 | D:3      | Found a snail-covered altar of Cheibriados.
  3699 | D:4      | Noticed Robin
  3711 | D:4      | Killed Robin
  3956 | D:4      | Found a glowing golden altar of the Shining One.
  3957 | D:4      | Found a basalt altar of Yredelemnul.
  3957 | D:4      | Found a bloodstained altar of Trog.
  3958 | D:4      | Found a sparkling altar of Nemelex Xobeh.
  4176 | D:4      | Found a sparkling altar of Nemelex Xobeh.
  4551 | D:5      | Reached XP level 8. HP: 47/51 MP: 8/8
  4778 | D:5      | Noticed Prince Ribbit
  4814 | D:5      | Found an opulent altar of Gozag.
  4914 | D:6      | Reached skill level 8 in Stealth
  5517 | D:6      | Reached **** piety under Okawaru
  6370 | D:7      | Found a staircase to the Ecumenical Temple.
  6412 | Temple   | Entered the Ecumenical Temple
  6902 | D:7      | Learned a level 2 spell: Slow
  7055 | D:7      | Noticed Maggie
  7069 | D:7      | Killed Maggie
  7069 | D:7      | Reached skill level 9 in Stealth
  7069 | D:7      | Reached XP level 9. HP: 21/57 MP: 6/9
  7340 | D:7      | Got an opalescent robe
  7372 | D:7      | Found a stormy altar of Qazlal.
  7747 | D:7      | Found Nunoan's Weapon Emporium.
  7823 | D:7      | Identified the +2 robe "Lufum" {MR+ Regen+ Dex+4} (You
                  | found it on level 7 of the Dungeon)
  8560 | D:8      | Reached skill level 1 in Shields
  8575 | D:8      | Found a shattered altar of Ashenzari.
  8646 | D:8      | Reached skill level 1 in Evocations
  8725 | D:8      | Reached ***** piety under Okawaru
  9307 | D:8      | Found a shadowy altar of Dithmenos.
  9313 | D:8      | Fell from the grace of Okawaru
  9313 | D:8      | Became a worshipper of Dithmenos the Shadowed
  9425 | D:9      | Reached skill level 10 in Stealth
  9573 | D:9      | Noticed a minotaur
  9573 | D:9      | Noticed a minotaur
  9627 | D:8      | Noticed a centaur warrior
  9638 | D:8      | HP: 2/57 [centaur warrior/arrow[the fury of Okawaru] (17)]
  9972 | D:8      | Identified a scroll of acquirement
  9972 | D:8      | Acquired a manual of Stealth
 10076 | D:10     | Entered Level 10 of the Dungeon
 10076 | D:10     | Noticed a death yak
 10076 | D:10     | Noticed a tengu conjurer
 10077 | D:10     | Noticed a tengu conjurer
 10078 | D:10     | Killed a tengu conjurer
 10082 | D:10     | Killed a tengu conjurer
 10082 | D:10     | Reached XP level 10. HP: 64/64 MP: 10/10
 10225 | D:10     | Noticed an orc knight
 10225 | D:10     | Noticed a naga warrior
 10225 | D:10     | Noticed an orc knight
 10225 | D:10     | Noticed an orc sorcerer
 10307 | D:10     | Noticed a merfolk javelineer
 10307 | D:10     | Noticed a tengu warrior
 10307 | D:10     | Noticed a deep elf knight
 10370 | D:10     | Killed from afar by a deep elf knight

Illustrated notes

Levels and vault maps discovered:
D:1:      enne_arrival_octagon_isle, layout_rooms
D:2:      layout_basic, lemuel_round_altar
D:3:      layout_loops_corners, nicolae_overflow_crystal_walls,
          marbit_many_paths, serial_park_tiny_2, kennysheep_generic_room_13
D:4:      layout_loops_ring, chequers_temple_overflow_statue_of_worship,
          nemelex_diamond_rough_becter, uniq_sigmund, uniq_robin
D:5:      layout_basic, lemuel_round_altar, nicolae_ru_awakened_eye,
          serial_shops, shop, uniq_prince_ribbit1, uniq_blork_the_orc
D:6:      layout_loops_corners, okawaru_ov_weapons_minmay
D:7:      layout_basic, nicolae_qazlal_general_emergency,
          minmay_temple_entry_trees, serial_shops, shop, uniq_maggie
D:8:      layout_loops_ring, grunt_dithmenos_shadows, evilmike_ruin_ashenzari
D:9:      layout_basic
D:10:     layout_gridville, dpeg_lair_monsters, hiddenorc2_lemuel, serial_shops,
          shop, kennysheep_flooded_box, uniq_snorg, uniq_gastronok, uniq_urug
Temple:   jpeg_temple_island

Skill      XL: |  1  2  3  4  5  6  7  8  9 |
---------------+----------------------------+-----
Fighting       | 4 5 7 8 |  8.2
Short Blades   | 4 5 6 7 9 |  9.3
Dodging        | 4 5 7 8 |  8.6
Stealth        | 7 9 10 | 10.0
Shields        | 2 |  2.8
Evocations     | 2 |  2.0

Action                   |  1- 3 |  4- 6 |  7- 9 | 10-12 || total
-------------------------+-------+-------+-------+-------++-------
Melee: Short sword       |    11 |   188 |    17 |       ||   216
       Rapier            |       |       |   445 |    51 ||   496
Throw: Stone             |       |       |     1 |       ||     1
Invok: Heroism           |       |       |     2 |       ||     2
Evoke: Wand              |       |       |     8 |     4 ||    12
  Use: Scroll            |       |       |    14 |     4 ||    18
       Potion            |       |       |     3 |     1 ||     4
 Stab: Sleeping          |     1 |    31 |    31 |     5 ||    68
       Distracted        |       |       |     1 |       ||     1
       Paralysed         |       |       |     1 |       ||     1
Armor: Leather armour    |     1 |    23 |    16 |       ||    40
       Ring mail         |       |       |    41 |       ||    41
       Steam dragon scal |       |       |    21 |     3 ||    24
Dodge: Dodged            |     5 |   120 |   329 |    76 ||   530

Table legend: (Time is in decaauts)
 A = Elapsed time spent in this place.
 B = Non-inter-level travel time spent in this place.
 C = Inter-level travel time spent in this place.
 D = Time resting spent in this place.
 E = Time spent auto-exploring this place.
 F = Levels seen in this place.
 G = Mean time per level.
                   A        B        C        D        E       F      G
               +--------+--------+--------+--------+--------+-----+--------+
         Total |  10279 |   9859 |    420 |   1351 |   6420 |  11 |  934.5 |
       Dungeon |   9998 |   9590 |    408 |   1351 |   6193 |  10 |  999.8 |
        Temple |    280 |    268 |     12 |      0 |    227 |   1 |  280.0 |
               +--------+--------+--------+--------+--------+-----+--------+

Top non-repeatable levels by time:
     D:7: 1975 daAuts
     D:6: 1533 daAuts
     D:8: 1422 daAuts
     D:3: 1260 daAuts
     D:4: 951 daAuts
     D:2: 938 daAuts
     D:5: 811 daAuts
     D:1: 536 daAuts
     D:9: 289 daAuts
  Temple: 280 daAuts
    D:10: 279 daAuts
